 Dungeon Crawl Stone Soup version 0.29.1-2-gbd0b4ee654 (webtiles) character file.

Game seed: 14250367803098418421

24 Raikaria the Insei (level 2, 0/21 HPs)
             Began as a Demonspawn Transmuter on Nov 21, 2022.
             Frozen to death by an endoplasm (5 damage)
             ... on level 2 of the Dungeon.
             The game lasted 00:02:35 (1050 turns).

Raikaria the Insei (Demonspawn Transmuter)          Turns: 1050, Time: 00:02:36

Health: 0/21       AC:  2    Str: 10    XL:     2   Next: 79%
Magic:  3/5        EV: 12    Int: 14    God:
Gold:   57         SH:  0    Dex: 13    Spells: 2/5 levels left

rFire   . . .      SeeInvis .     - Unarmed
rCold   . . .      Faith    .   (no shield)
rNeg    . . .      Spirit   .   a - +0 robe
rPois   .          Reflect  .   (helmet currently unavailable)
rElec   .          Harm     .   (no cloak)
rCorr   .          Rampage  .   (no gloves)
Will    +....                   (boots currently unavailable)
Stlth   +.........              (no amulet)
HPRegen 0.07/turn               g - ring of willpower
MPRegen 0.09/turn               (no ring)

@: appendages, very slightly contaminated
A: horns 2, talons 2, powered by pain 1
a: End Transformation


You were on level 2 of the Dungeon.
You had temporarily grown beastly horns and talons.
You visited 1 branch of the dungeon, and saw 2 of its levels.

You collected 57 gold pieces.

Inventory:

Missiles
 d - 4 poisoned darts
Armour
 a - a +0 robe (worn)
Jewellery
 g - a ring of willpower (left hand)
Potions
 b - a potion of lignification
 c - a potion of mutation {unknown}
 e - a potion of invisibility {unknown}
 f - a potion of berserk rage {unknown}


   Skills:
 + Level 1.2 Fighting
 - Level 1.7 Dodging
 + Level 3.4 Unarmed Combat
 - Level 2.0 Spellcasting
 + Level 2.1 Transmutations


You had 2 spell levels left.
You knew the following spells:

 Your Spells              Type           Power      Damage    Failure   Level
a - Beastly Appendage     Tmut           14%        N/A       10%         1
b - Wereblood             Tmut           7%         N/A       16%         2

Your spell library contained the following spells:

 Spells                   Type           Power      Damage    Failure   Level
 Spider Form              Tmut/Pois      4%         N/A       43%         3
 Ice Form                 Ice/Tmut       4%         N/A       83%         4


Dungeon Overview and Level Annotations

Branches:
Dungeon (2/15)

Altars:


Innate Abilities, Weirdness & Mutations

You have temporarily grown beastly horns and talons.
You sometimes gain a little power by taking damage.


Message History

You hit the goblin.
You kill the goblin!
You hit the hobgoblin. You headbutt the hobgoblin.
The hobgoblin is severely wounded.
The rat misses you. The hobgoblin barely misses you.
You closely miss the hobgoblin. You claw the hobgoblin.
You headbutt the hobgoblin.
You kill the hobgoblin!
The rat misses you.
You closely miss the rat. Your kick misses the rat.
Your transformation is almost over.
The rat closely misses you.
You punch the rat!
You kill the rat!
No target in view!
Memorise Wereblood, consuming 2 spell levels and leaving 2?
You start memorising the spell.
You continue memorising. x2
Magic restored.
You finish memorising.
Spell assigned to 'b'.
Your horns disappear.
Your talons disappear.
An endoplasm comes into view.
Casting: Beastly Appendage (safe; 10% risk of failure)
Confirm with . or Enter, or press ? or * to list all spells.
You miscast Beastly Appendage.
You are very lightly contaminated with residual magic.
Nothing appears to happen.
The endoplasm quivers.
The endoplasm freezes you.
You are frozen.
Casting: Beastly Appendage (safe; 10% risk of failure)
Confirm with . or Enter, or press ? or * to list all spells.
You grow a pair of large bovine horns.
Your feet morph into talons.
The endoplasm freezes you.
You are frozen.
You hit the endoplasm but do no damage. The endoplasm hits you.
* * * LOW HITPOINT WARNING * * *
You hit the endoplasm but do no damage. The endoplasm freezes you.
You are frozen.
You die...

..#.............#
.... ## .....
........##...#...
...#
#...............
...#
#...............
...#
#....)..........
!..#
#...<†..<.......
...#
#......#........
...!.
#...............
...#...
#......@......#.
.... ..
#.......J..##.#
##### #
#...!......# #
#+####.#.....
#.###.##.# #.. ..
. ##. #. #.


You could see an endoplasm.

Vanquished Creatures
  3 ball pythons (D:1)
  5 bats (D:1)
  An endoplasm (D:1)
  3 goblins
  2 hobgoblins
  2 jackals (D:1)
  A kobold (D:1)
  A frilled lizard (D:1)
  3 rats
21 creatures vanquished.

Notes
Turn   | Place    | Note
-------+----------+-------------------------------------------
     0 | D:1      | Raikaria the Demonspawn Transmuter began the quest for the
                  | Orb.
     0 | D:1      | Reached XP level 1. HP: 15/15 MP: 3/3
   299 | D:1      | Reached skill level 3 in Unarmed Combat
   414 | D:1      | Gained mutation: You sometimes gain a little power by
                  | taking damage. [demonic ancestry]
   414 | D:1      | Reached XP level 2. HP: 19/21 MP: 1/5
  1009 | D:2      | Learned a level 2 spell: Wereblood
  1050 | D:2      | Frozen to death by an endoplasm

Illustrated notes

Levels and vault maps discovered:
D:1:      psy_arrival_heroes, layout_basic, serial_curves, eino_curves_03,
          eino_curves_02
D:2:      kennysheep_big_flooded_room, layout_basic,
          hellmonk_ecumenical_altar_blasted, basic_altar, serial_corexii_hall,
          corexii_hall_statues_l, chequers_hall_statues_y,
          chequers_serial_rivers_marsh, grunt_decor_arrowhead,
          minmay_crystal_room, minmay_box_of_dots

Skill      XL: |  1  2 |
---------------+-------+-----
Unarmed Combat | 3 |  3.4
Transmutations | 2 |  2.1
Fighting       | |  1.2
Dodging        | |  1.7
Spellcasting   | |  2.0

Action                   || total
-------------------------++-------
Melee: Unarmed           ||    54
       Kick              ||    10
       Headbutt          ||     5
 Cast: Beastly Appendage ||    15
 Stab: Sleeping          ||     1
Armor: Robe              ||     9
Dodge: Dodged            ||    52
